 Dungeon Crawl Stone Soup version 0.27-a0-29-g2d0a2396b0 (webtiles) character file.

Game seed: 322792205758072276

254 gruber the Slasher (level 5, 0/41 HPs)
             Began as a Demonspawn Fighter on Jan 3, 2021.
             Shot with an arrow by a centaur (3 damage)
             ... on level 6 of the Dungeon.
             The game lasted 00:02:29 (1911 turns).

gruber the Slasher (Demonspawn Fighter)             Turns: 1911, Time: 00:02:29

Health: 0/41       AC:  6    Str: 18    XL:     5   Next: 91%
Magic:  5/5        EV:  7    Int:  9    God:
Gold:   60         SH:  8    Dex: 12    Spells: 4/4 levels left

rFire    . . .     SeeInvis .   p - +3 dagger (speed)
rCold    . . .     Faith    .   c - +0 kite shield
rNeg     . . .     Spirit   .   b - +0 scale mail
rPois    .         Reflect  .   (no helmet)
rElec    .         Harm     .   (no cloak)
rCorr    .         Rampage  .   (no gloves)
Will     .....     Rnd*Tele +   (no boots)
Stlth    ..........             (no amulet)
HPRegen  0.13/turn              j - ring of teleportation (curse)
MPRegen  0.09/turn              (no ring)

@: no status effects
A: foul stench 1, spiny 1, miasma immunity
a: no special abilities


You were on level 6 of the Dungeon.
You visited 1 branch of the dungeon, and saw 4 of its levels.

You collected 60 gold pieces.

Inventory:

Hand Weapons
 a - a +0 long sword
 p - a +3 dagger of speed (weapon)
Missiles
 f - 8 poisoned darts (quivered)
 n - 2 javelins
Armour
 b - a +0 scale mail (worn)
 c - a +0 kite shield (worn)
Jewellery
 j - a cursed ring of teleportation (left hand)
Scrolls
 e - a scroll of fear {unknown}
 g - 2 scrolls of magic mapping {unknown}
 h - a scroll of fog {unknown}
 k - a scroll of enchant weapon {unknown}
 l - a scroll of teleportation {unknown}
 m - a scroll of random uselessness {unknown}
 r - 2 scrolls of identify {unknown}
Potions
 d - 2 potions of might
 i - 2 potions of brilliance {unknown}
 o - a potion of lignification {unknown}
 q - a potion of curing


   Skills:
 - Level 3.0 Fighting
 + Level 4.8 Long Blades
 + Level 2.6 Throwing
 - Level 2.6 Armour
 - Level 2.6 Shields


You had 4 spell levels left.
You didn't know any spells.
Your spell library was empty.

Dungeon Overview and Level Annotations

Branches:
Dungeon (3/15)

Altars:
Cheibriados


Innate Abilities, Weirdness & Mutations

You may emit foul miasma when damaged in melee.
You are partially covered in sharp spines.
You are immune to miasma.


Message History

The ogre hits you but does no damage.
The ogre looks sick.
You hit the ogre.
The ogre is severely wounded.
You hit the ogre.
You kill the ogre!
You see here a +0 giant club.
Your shield prevents you from hitting the sky beast.
The sky beast is lightly wounded.
You hit the sky beast.
The sky beast is moderately wounded.
The sky beast hits you but does no damage.
You miss the sky beast.
The sky beast is moderately wounded.
The sky beast flickers out of sight!
Deactivating autopickup; reactivate with Ctrl-A.
Something hits you but does no damage.
You miss something.
The centaur shoots an arrow.
The arrow hits you!
* * * LOW HITPOINT WARNING * * *
You miss something.
The centaur shoots an arrow.
The arrow hits you.
You die...

##......# ........#
........# .((†§...#
...(.Y(.# ###.(..(#
#.....# #####
.##.##.############......
............(lc{@...#
..#....############.#
$.#..... # # #.....
...###.# #... .# #... .#
#.


You could see a centaur and an iguana.

Vanquished Creatures
  An ogre (D:6)
  A hound (D:6)
  Jessica (D:2)
  Robin (D:2)
  An adder (D:6)
  3 gnolls (D:2)
  An ooze (D:2)
  A worm (D:2)
  2 dart slugs
  A leopard gecko (D:1)
  3 orcs
  A giant cockroach (D:1)
  16 goblins
  4 hobgoblins
  3 kobolds (D:1)
  8 bats
  5 frilled lizards
  4 rats
57 creatures vanquished.

Vanquished Creatures (others)
  4 plants (D:2)
4 creatures vanquished.

Grand Total: 61 creatures vanquished

Notes
Turn   | Place    | Note
-------+----------+-------------------------------------------
     0 | D:1      | gruber the Demonspawn Fighter began the quest for the Orb.
     0 | D:1      | Reached XP level 1. HP: 18/18 MP: 1/1
    71 | D:1      | Reached skill level 2 in Long Blades
   481 | D:1      | Gained mutation: You are partially covered in sharp spines.
                  | [demonic ancestry]
   481 | D:1      | Reached XP level 2. HP: 18/18 MP: 2/2
   519 | D:1      | Reached skill level 3 in Long Blades
   675 | D:1      | Gained mutation: You are immune to miasma. [demonic
                  | ancestry]
   675 | D:1      | Reached XP level 3. HP: 27/27 MP: 3/3
  1065 | D:2      | Noticed Robin
  1183 | D:2      | Found a snail-covered altar of Cheibriados.
  1221 | D:2      | Killed Robin
  1225 | D:2      | Reached XP level 4. HP: 33/35 MP: 4/4
  1268 | D:2      | Reached skill level 1 in Throwing
  1474 | D:2      | Noticed Jessica
  1483 | D:2      | Killed Jessica
  1484 | D:2      | Reached skill level 4 in Long Blades
  1865 | D:3      | You fall into a shaft and drop 3 floors!
  1872 | D:6      | Gained mutation: You may emit foul miasma when damaged in
                  | melee. [demonic ancestry]
  1872 | D:6      | Reached XP level 5. HP: 38/41 MP: 5/5
  1873 | D:6      | Noticed an ogre
  1875 | D:6      | Noticed a sky beast
  1876 | D:6      | Noticed a centaur
  1905 | D:6      | Killed an ogre
  1911 | D:6      | Shot with an arrow by a centaur

Illustrated notes

Levels and vault maps discovered:
D:1:      dpeg_arrival_triangle_fractal, layout_loops_ring,
          minmay_close_crescents
D:2:      layout_basic, serial_forest, infiniplex_forest_clump_small,
          infiniplex_forest_lined_2, infiniplex_forest_clump_tiny,
          infiniplex_forest_fountain, infiniplex_forest_clump_tiny,
          infiniplex_forest_straight_2, infiniplex_forest_clump_diagonal,
          kennysheep_slug_shrine, uniq_robin, uniq_jessica
D:3:      kennysheep_big_flooded_room, layout_rooms, nzn_wu_jian_council_hall
D:6:      lemuel_ice_spiral_2, layout_basic, grunt_qazlal_clouds

Skill      XL: |  1  2  3  4  5 |
---------------+----------------+-----
Long Blades    | 2 3 4 |  4.8
Throwing       | 1 2 |  2.6
Fighting       | |  3.0
Armour         | |  2.6
Shields        | |  2.6

Action                   |  1- 3 |  4- 6 || total
-------------------------+-------+-------++-------
Melee: Long sword        |    75 |     8 ||    83
       Dagger            |       |    40 ||    40
Throw: Dart              |    36 |    12 ||    48
Armor: Scale mail        |    47 |    13 ||    60
Dodge: Dodged            |    24 |     8 ||    32
Block: Kite shield       |    30 |    23 ||    53
       Rpst.: Long sword |     9 |       ||     9

Table legend: (Time is in decaauts)
 A = Elapsed time spent in this place.
 B = Non-inter-level travel time spent in this place.
 C = Inter-level travel time spent in this place.
 D = Time resting spent in this place.
 E = Time spent auto-exploring this place.
 F = Levels seen in this place.
 G = Mean time per level.
                   A        B        C        D        E       F      G
               +--------+--------+--------+--------+--------+-----+--------+
         Total |   1932 |   1894 |     38 |      0 |   1527 |   4 |  483.0 |
       Dungeon |   1932 |   1894 |     38 |      0 |   1527 |   4 |  483.0 |
               +--------+--------+--------+--------+--------+-----+--------+

Top non-repeatable levels by time:
     D:1: 1011 daAuts
     D:2: 823 daAuts
     D:3: 56 daAuts
     D:6: 40 daAuts
